 Dungeon Crawl Stone Soup version 0.21-a0-196-g6a663c0 (webtiles) character file.

53 namelastname112 the Skirmisher (level 3, 0/36 HPs)
             Began as a Draconian Wanderer on Aug 15, 2017.
             Slain by Sigmund
             ... wielding a +0 scythe
              (7 damage)
             ... on level 2 of the Dungeon.
             The game lasted 00:00:59 (754 turns).

namelastname112 the Skirmisher (Draconian Wanderer)  Turns: 754, Time: 00:01:00

Health: 0/36       AC:  5    Str: 14    XL:     3   Next: 62%
Magic:  3/3        EV: 12    Int: 13    God:
Gold:   118        SH:  0    Dex: 10    Spells: 2/2 levels left

rFire    . . .     SeeInvis .   a - +2 falchion
rCold    . . .     Gourm    .   (no shield)
rNeg     . . .     Faith    .   (armour unavailable)
rPois    .         Spirit   .   (helmet restricted)
rElec    .         Reflect  .   (no cloak)
rCorr    .         Harm     .   (no gloves)
MR       .....                  (no boots)
Stlth    +.........             (no amulet)
HPRegen  0.12/turn              (no ring)
MPRegen  0.08/turn              (no ring)

@: no status effects
A: unfitting armour, cold-blooded, AC +5
a: no special abilities


You were on level 2 of the Dungeon.
You were not hungry.

You visited 1 branch of the dungeon, and saw 2 of its levels.

You collected 118 gold pieces.

Inventory:

Hand Weapons
 a - a +2 falchion (weapon)
Jewellery
 h - an uncursed amulet of the gourmand {unknown}
Scrolls
 g - a scroll of teleportation {unknown}
 j - a scroll of enchant armour {unknown}
Potions
 e - a potion of mutation {unknown}
Comestibles
 c - a bread ration
 f - 2 meat rations
 i - a royal jelly
 k - 3 chunks of flesh


   Skills:
 + Level 5.2 Fighting
 - Level 2.0 Long Blades
 + Level 2.9 Dodging
 - Level 1.0 Stealth
   Level 1.0 Evocations


You had 2 spell levels left.
You didn't know any spells.

Dungeon Overview and Level Annotations

Branches:
Dungeon (2/15)

Altars:

Annotations:
D:2 Sigmund


Innate Abilities, Weirdness & Mutations

Your plain brown scales are hard. (AC +5)
You cannot fit into any form of body armour.
You are cold-blooded and may be slowed by cold attacks.


Message History

You regained 5 hp, and now have 10/36 hp.
You are confused.
You feel invigorated. Something barely misses you.
You regained 4 hp, and now have 14/36 hp.
You bump into the rock wall.
Something hits you.
You regained 2 hp, and now have 16/36 hp.
You miss something.
You regained 6 hp, and now have 22/36 hp.
You bump into the rock wall.
You feel less invigorated.
You feel less confused. Something hits you but does no damage.
You regained 5 hp, and now have 27/36 hp.
You closely miss something. Something hits you!
You take 7 damage, and have 20/36 hp.
You miss something. Something hits you!
* * * LOW HITPOINT WARNING * * *
You take 13 damage, and have 7/36 hp.
MASSIVE DAMAGE!!
You barely miss something. You miss something. You tail-slap something.
Something hits you!
You die...

.# ##.## #!..##
..... #... #g. #{#
#@# #.# #.# #.#
#### #.#
...##########.##.#
..............##.#
...####.########.#
#### #......)...#


You could see a goblin.

Vanquished Creatures
  Jessica (D:2)
  An adder (D:2)
  2 dart slugs
  A leopard gecko (D:2)
  A giant cockroach (D:1)
  2 goblins (D:1)
  A hobgoblin (D:1)
  2 bats (D:1)
  A kobold (D:1)
  2 rats (D:1)
14 creatures vanquished.

Notes
Turn   | Place    | Note
-------+----------+-------------------------------------------
     0 | D:1      | namelastname112 the Draconian Wanderer began the quest for the Orb.
     0 | D:1      | namelastname112 set off with: a +2 falchion, 2 potions of curing, a bread ration
     0 | D:1      | Reached XP level 1. HP: 22/22 MP: 1/1
   392 | D:1      | Reached XP level 2. HP: 26/28 MP: 2/2
   564 | D:2      | Noticed Jessica
   576 | D:2      | Killed Jessica
   576 | D:2      | Reached skill level 5 in Fighting
   576 | D:2      | Reached XP level 3. HP: 18/36 MP: 3/3
   728 | D:2      | Noticed Sigmund
   754 | D:2      | Slain by Sigmund

Vault maps used:
D:1:      doesnt_arrival_eight_statues
D:2:      kennysheep_the_goblin_king, overflow_temple_1_default, first_bread,
          makhleb_altar_promises_db, uniq_jessica, uniq_sigmund

Skill      XL: |  1  2 |
---------------+-------+-----
Dodging        | 2 |  2.9
Fighting       | 5 |  5.2
Long Blades    | |  2.0
Stealth        | |  1.0
Evocations     | |  1.0

Action                   || total
-------------------------++-------
Melee: Falchion          ||    52
       Tailslap          ||     5
  Use: Potion            ||     4
Armor: Skin              ||     8
Dodge: Dodged            ||    33
       Rpst.: Falchion   ||    10
